 Dungeon Crawl Stone Soup version 0.22.1-1-ga44c0e5 (webtiles) character file.

1239 bloo the Destroyer (level 8, -1/47 HPs)
             Began as a Deep Elf Conjurer on Oct 17, 2018.
             Shot with an arrow by a centaur (2 damage)
             ... on level 5 of the Dungeon.
             The game lasted 00:26:49 (6551 turns).

bloo the Destroyer (Deep Elf Conjurer)              Turns: 6551, Time: 00:26:50

Health: -1/47      AC:  4    Str:  9    XL:     8   Next: 25%
Magic:  18/18      EV: 13    Int: 23    God:
Gold:   315        SH:  0    Dex: 15    Spells: 8/18 levels left

rFire    . . .     SeeInvis .   t - +2 dagger (speed)
rCold    . . .     Gourm    .   (no shield)
rNeg     . . .     Faith    .   w - +0 robe of Courage {MR- rCorr Str+4 Slay+3}
rPois    .         Spirit   .   (no helmet)
rElec    .         Reflect  .   (no cloak)
rCorr    +         Harm     .   C - +0 pair of gloves
MR       .....                  B - +0 pair of boots
Stlth    ++........             (no amulet)
HPRegen  0.15/turn              n - ring of protection from magic
MPRegen  0.16/turn              (no ring)

@: no status effects
A: robust 1, wild magic 1
a: no special abilities


You were on level 5 of the Dungeon.
You were hungry.

You visited 1 branch of the dungeon, and saw 5 of its levels.

You collected 315 gold pieces.

Inventory:

Hand Weapons
 d - a +0 dagger
 r - a +0 blowgun
 t - a +2 dagger of speed (weapon)
Missiles
 h - 257 stones (quivered)
 l - 27 sling bullets
Armour
 a - a +0 robe
 w - the +0 robe of Courage (worn) {MR- rCorr Str+4 Slay+3}
   (You found it on level 4 of the Dungeon)

   It affects your strength (+4).
   It affects your accuracy and damage with ranged weapons and melee attacks
   (+3).
   It affects your resistance to hostile enchantments.
   It provides partial protection from all sources of acid and corrosion.
 B - a +0 pair of boots (worn)
 C - a +0 pair of gloves (worn)
Jewellery
 n - a ring of protection from magic (left hand)
Wands
 m - a wand of paralysis (14)
 A - a wand of disintegration (12)
Scrolls
 f - a scroll of identify
 g - a scroll of random uselessness
 i - 3 scrolls of immolation
 k - 2 scrolls of amnesia
 u - 3 scrolls of teleportation
 x - a scroll of enchant weapon {unknown}
 y - 2 scrolls of remove curse {unknown}
Potions
 b - 3 potions of flight
 e - 2 potions of curing
 j - a potion of cancellation
 o - a potion of heal wounds {unknown}
 q - a potion of brilliance {unknown}
 v - a potion of lignification {unknown}
 z - a potion of invisibility {unknown}
Comestibles
 c - 12 rations


   Skills:
 - Level 1.0 Fighting
 + Level 2.5 Dodging
 - Level 2.4 Stealth
 + Level 5.7 Spellcasting
 + Level 10.7 Conjurations


You had 8 spell levels left.
You knew the following spells:

 Your Spells              Type           Power        Failure   Level  Hunger
a - Magic Dart            Conj           ####         1%          1    None
b - Searing Ray           Conj           ######       1%          2    None
c - Dazzling Spray        Conj/Hex       #####.       5%          3    #......
d - Iskenderun's Mystic   Conj           ######..     2%          4    ###....

Your spell library contained the following spells:

 Spells                   Type           Power        Failure   Level  Hunger
 Confusing Touch          Hex            #.....       13%         1    None
 Force Lance              Conj/Tloc      #####...     14%         4    ###....
 Fulminant Prism          Conj/Hex       #####.....   14%         4    ###....
 Confuse                  Hex            #.......     34%         3    #......
 Gell's Gravitas          Tloc           #.........   34%         3    #......
 Petrify                  Tmut/Erth      #.......     73%         4    ###....
 Metabolic Englaciation   Hex/Ice        #.........   96%         5    #####..
 Yara's Violent Unravell  Hex/Tmut       #.........   96%         5    #####..


Dungeon Overview and Level Annotations

Branches:
Dungeon (5/15)             Temple (0/1) D:4

Altars:
Elyvilon
Trog
Yredelemnul

Shops:
D:4 (


Innate Abilities, Weirdness & Mutations

You are robust. (+10% HP)
Your spells are a little harder to cast, but a little more powerful.


Message History

The magic dart hits the centaur.
The centaur is moderately wounded.
The centaur shoots an arrow.
The arrow hits you! The arrow burns you.
The centaur shoots an arrow.
The arrow hits you!
* * * LOW HITPOINT WARNING * * *
The arrow burns you.
* * * LOW HITPOINT WARNING * * *
You see here an arrow.
The centaur shoots an arrow.
The arrow hits you.
* * * LOW HITPOINT WARNING * * *
The arrow burns you.
* * * LOW HITPOINT WARNING * * *
You see here an arrow.
The centaur shoots an arrow.
The arrow barely misses you.
The centaur shoots an arrow.
The arrow closely misses you.
You are feeling hungry.
The centaur shoots an arrow.
The arrow hits you.
* * * LOW HITPOINT WARNING * * *
The arrow burns you.
You die...

### ###.### ###..#..###
###(.#...#..###
#.(#...#(..#.(######
#..#...#...#...#.....##
.#...#c..#...#...#....#
...#...#c..#...#@..#..#
###
.#...#...#...#...#....# .#
..#)..#...#c..#...#..####
#.>.#
c#...#...#...#...#........
#...#
...#...#...#...#...#....#
### #
..#...#...#...#......#
#...# ..#...#...#...#....#
#.∩.# #...#...#...#......#
#...# ..#...#...#...#..###
+# #


You could see a centaur.

Vanquished Creatures
  Grinder (D:5)
  Edmund (D:5)
  An ice beast (D:5)
  A phantom (D:4)
  4 scorpions
  A howler monkey (D:5)
  A hound (D:5)
  3 orc priests (D:3)
  A bullfrog skeleton (D:5)
  Jessica (D:2)
  3 orc wizards
  A worker ant (D:5)
  A hound skeleton (D:5)
  7 gnolls (D:4)
  5 adders
  An adder zombie (D:5)
  4 adder skeletons (D:5)
  4 worms
  2 dart slugs
  2 leopard geckos
  5 orcs (D:3)
  3 bats
  3 giant cockroaches
  5 hobgoblins
  9 jackals
  6 kobolds
  4 quokkas
  4 ball pythons
  2 frilled lizards
  3 goblins
  2 quokka skeletons (D:4)
  4 rats
95 creatures vanquished.

Notes
Turn   | Place    | Note
-------+----------+-------------------------------------------
     0 | D:1      | bloo the Deep Elf Conjurer began the quest for the Orb.
     0 | D:1      | Reached XP level 1. HP: 10/10 MP: 6/6
   212 | D:1      | Reached XP level 2. HP: 15/15 MP: 5/8
   229 | D:1      | Learned a level 2 spell: Searing Ray
   269 | D:1      | Reached skill level 5 in Conjurations
   798 | D:2      | Found a bloodstained altar of Trog.
   947 | D:2      | Reached XP level 3. HP: 19/19 MP: 7/9
  1161 | D:2      | Learned a level 3 spell: Dazzling Spray
  1432 | D:2      | Noticed Jessica
  1443 | D:2      | Killed Jessica
  1443 | D:2      | Reached skill level 6 in Conjurations
  1443 | D:2      | Reached XP level 4. HP: 24/24 MP: 6/10
  2273 | D:3      | Reached skill level 7 in Conjurations
  2273 | D:3      | Reached XP level 5. HP: 28/28 MP: 6/11
  3025 | D:3      | Gained mutation: You are robust. (+10% HP) [potion of
                  | mutation]
  3025 | D:3      | Gained mutation: You are clumsy. (Dex -2) [potion of
                  | mutation]
  3025 | D:3      | Lost mutation: You are clumsy. (Dex -2) [potion of
                  | mutation]
  3025 | D:3      | Gained mutation: Your spells are a little harder to cast,
                  | but a little more powerful. [potion of mutation]
  3084 | D:4      | Found a staircase to the Ecumenical Temple.
  3196 | D:4      | Reached skill level 8 in Conjurations
  3196 | D:4      | Reached XP level 6. HP: 35/35 MP: 5/12
  3356 | D:4      | Got a fine robe
  3367 | D:4      | Identified the +0 robe of Courage {MR- rCorr Str+4 Slay+3}
                  | (You found it on level 4 of the Dungeon)
  3553 | D:4      | Found a basalt altar of Yredelemnul.
  4218 | D:4      | Found Jempym's Weapon Shop.
  4365 | D:4      | Reached skill level 9 in Conjurations
  4564 | D:4      | Reached XP level 7. HP: 32/40 MP: 3/13
  4884 | D:5      | Entered Level 5 of the Dungeon
  5108 | D:5      | Noticed Grinder
  5290 | D:5      | Found a white marble altar of Elyvilon.
  5321 | D:5      | Noticed Edmund
  5331 | D:5      | Killed Edmund
  5440 | D:5      | Found a sand-covered staircase.
  5600 | D:5      | Learned a level 4 spell: Iskenderun's Mystic Blast
  5604 | D:5      | Paralysed by Grinder for 7 turns
  5613 | D:5      | Killed Grinder
  5613 | D:5      | Reached skill level 10 in Conjurations
  5826 | D:5      | Reached XP level 8. HP: 41/46 MP: 9/16
  5898 | D:5      | Reached skill level 5 in Spellcasting
  6095 | D:5      | Reached skill level 1 in Fighting
  6551 | D:5      | HP: 1/47 [centaur/arrow (6)]
  6551 | D:5      | Shot with an arrow by a centaur

Skill      XL: |  1  2  3  4  5  6  7  8 |
---------------+-------------------------+-----
Conjurations   | 5 6 7 8 9 10 | 10.7
Spellcasting   | 4 5 |  5.7
Fighting       | 1 |  1.0
Dodging        | |  2.5
Stealth        | |  2.4

Action                   |  1- 3 |  4- 6 |  7- 9 || total
-------------------------+-------+-------+-------++-------
 Cast: Magic Dart        |    60 |   102 |    59 ||   221
       Searing Ray       |     2 |    18 |    16 ||    36
       Dazzling Spray    |       |       |     1 ||     1
       Iskenderun's Myst |       |       |     1 ||     1
  Use: Potion            |     1 |     1 |       ||     2
       Scroll            |       |     4 |     4 ||     8
  Eat: Chunk             |     1 |     9 |     4 ||    14
       Ration            |       |       |     1 ||     1
Armor: Robe              |       |       |     5 ||     5
Dodge: Dodged            |     3 |    23 |    21 ||    47
